 Dungeon Crawl Stone Soup version 0.31-a0-1469-gd420192249 (webtiles) character file.

Game seed: 14541418951227822740

419922 jasper the Conqueror (level 23, -16/240 HPs)
             Began as a Hill Orc Fighter on Dec 28, 2023.
             Was the Champion of Lugonu.
             Killed from afar by an ancient lich (50 damage)
             ... with a crystal spear
             ... on level 3 of the Abyss.
             The game lasted 01:31:38 (53799 turns).

jasper the Conqueror (Hill Orc Fighter)            Turns: 53799, Time: 01:31:39

Health: -16/240    AC: 58    Str: 33    XL:     23   Next: 68%
Magic:  35/35      EV: 15    Int:  8    God:    Lugonu [******]
Gold:   4298       SH: 25    Dex: 13    Spells: 22/22 levels left

rFire   + . .        P - +9 broad axe (flame)
rCold   + . .        b - +6 tower shield {reflect}
rNeg    + . .        a - +18 crystal plate armour of Gravitas {rElec Will+ Dex+3}
rPois   +            Y - +1 helmet "Qinti" {rN+}
rElec   +            k - scarf {rC+ rF+}
rCorr   +            x - +2 pair of gloves {Str+3}
SInv    .            o - +2 pair of slick slippers {slick, slippery, EV+4}
Will    ++...        T - amulet of regeneration Stlth
                     t - ring of resist corrosion
HPRegen 0.00/turn    D - ring of poison resistance
MPRegen 0.24/turn

%: reflection
@: on berserk cooldown, sick, studying 2 skills
A: no striking features
}: 2/15 runes: decaying, serpentine
a: Renounce Religion, Depart the Abyss, Banish, Corrupt, Enter the Abyss, Brand
Weapon With Distortion


You were on level 3 of the Abyss.
You worshipped Lugonu.
Lugonu was exalted by your worship.
You visited 9 branches of the dungeon, and saw 41 of its levels.
You visited the Abyss 2 times.
You also visited: Gauntlet.

You collected 7514 gold pieces.
You spent 3216 gold pieces at shops.

Inventory:

Hand Weapons
 v - a +3 broad axe of freezing
 P - a +9 broad axe of flaming (weapon)
Missiles
 d - 8 curare-tipped darts
 f - 3 throwing nets
 y - 17 silver javelins
 G - 11 darts of dispersal
 L - 41 boomerangs (quivered)
 W - 8 atropa-tipped darts
 Z - 19 javelins
Armour
 a - the +18 crystal plate armour of Gravitas (worn) {rElec Will+ Dex+3}
   (Okawaru gifted it to you on level 5 of the Lair of Beasts)

   Dex+3:     It affects your dexterity (+3).
   rElec:     It insulates you from electricity.
   Will+:     It increases your willpower.
 b - a +6 tower shield of reflection (worn)
 k - a scarf of resistance (worn)
 o - the +2 pair of slick slippers (worn) {slick, slippery, EV+4}
   (You acquired it on level 1 of the Elven Halls)

   Slick:     Its wearer cannot be constricted, engulfed, netted or webbed.
   Slippery:  Its wearer slips away from damaging melee attacks, pulling the
   attacker onward.
   EV+4:      It affects your evasion (+4).
 x - a +2 pair of gloves of strength (worn)
 N - a +0 cloak of preservation
 Y - the +1 helmet "Qinti" (worn) {rN+}
   (You found it on level 3 of the Elven Halls)

   rN+:       It protects you from negative energy.
Jewellery
 g - a ring of willpower
 t - a ring of resist corrosion (left hand)
 D - a ring of poison resistance (right hand)
 F - a ring of positive energy
 O - a ring of flight
 T - an amulet of regeneration (around neck)
 X - a ring of ice
Wands
 i - a wand of acid (21)
 w - a wand of polymorph (20)
 C - a wand of iceblast (32)
 Q - a wand of charming (9)
 U - a wand of digging (10)
Scrolls
 c - 3 scrolls of revelation
 l - 15 scrolls of teleportation
 p - a scroll of silence
 u - 9 scrolls of vulnerability
 z - 5 scrolls of fog
 E - 10 scrolls of blinking
 I - 4 scrolls of fear
 J - 3 scrolls of butterflies
 K - 3 scrolls of immolation
Potions
 e - a potion of brilliance
 h - 5 potions of might
 j - 11 potions of lignification
 m - 6 potions of cancellation
 n - 4 potions of invisibility
 q - 6 potions of haste
 A - 3 potions of magic
 B - 4 potions of resistance
 H - 7 potions of enlightenment
 M - 4 potions of mutation
 R - 8 potions of curing
 S - 4 potions of ambrosia
 V - 4 potions of heal wounds
Miscellaneous
 r - a condenser vane
 s - a phantom mirror


   Skills:
 O Level 27 Fighting
 - Level 18.0 Axes
 - Level 3.0 Throwing
 O Level 27 Armour
 + Level 9.5 Dodging
 + Level 15.9 Shields
 + Level 16.8 Invocations


You had 22 spell levels left.
You didn't know any spells.
Your spell library contained the following spells:

 Spells                   Type           Power      Damage    Failure   Level
 Apportation              Tloc           0%         N/A       98%         1
 Magic Dart               Conj           0%         1d3       98%         1
 Necrotise                Necr           0%         1d4       98%         1
 Sting                    Conj/Alch      0%         1d3       98%         1
 Summon Small Mammal      Summ           0%         N/A       98%         1
 Lesser Beckoning         Tloc           0%         N/A       99%         2
 Mercury Vapours          Alch/Air       0%         N/A       99%         2
 Momentum Strike          Conj/Tloc      0%         3d8       99%         2
 Frozen Ramparts          Ice            0%         1d1       100%        3
 Fugue of the Fallen      Necr           0%         N/A       100%        3
 Gell's Gravitas          Tloc           0%         N/A       100%        3
 Hailstorm                Conj/Ice       0%         3d5       100%        3
 Inner Flame              Hex/Fire       0%         N/A       100%        3
 Mephitic Cloud           Conj/Alch/Air  0%         N/A       100%        3
 Ozocubu's Armour         Ice            0%         N/A       100%        3
 Stone Arrow              Conj/Erth      0%         3d7       100%        3
 Summon Ice Beast         Ice/Summ       0%         N/A       100%        3
 Teleport Other           Tloc           0%         N/A       100%        3
 Tukima's Dance           Hex            0%         N/A       100%        3
 Animate Armour           Summ/Erth      0%         N/A       100%        4
 Flame Wave               Conj/Fire      0%         2d4       100%        4
 Manifold Assault         Tloc           0%         N/A       100%        4
 Sticky Flame             Fire/Alch      0%         2d4       100%        4
 Vhi's Electric Charge    Tloc/Air       0%         N/A       100%        4
 Borgnjor's Vile Clutch   Necr/Erth      0%         N/A       100%        5
 Freezing Cloud           Conj/Ice/Air   0%         6-21      100%        5
 Metabolic Englaciation   Hex/Ice        0%         N/A       100%        5
 Silence                  Hex/Air        0%         N/A       100%        5
 Summon Forest            Summ/Tloc      0%         N/A       100%        5
 Summon Mana Viper        Hex/Summ       0%         N/A       100%        5
 Dispersal                Tloc           0%         N/A       100%        6
 Eringya's Noxious Bog    Alch           0%         4d6       100%        6
 Sculpt Simulacrum        Ice/Alch       0%         N/A       100%        6
 Ozocubu's Refrigeration  Ice            0%         4d7       100%        7
 Spellforged Servitor     Conj/Summ      0%         N/A       100%        7
 Summon Hydra             Summ           0%         N/A       100%        7
 Lehudib's Crystal Spear  Conj/Erth      0%         10d2      100%        8
 Fire Storm               Conj/Fire      0%         5d1       100%        9
 Polar Vortex             Ice            0%         N/A       100%        9


Dungeon Overview and Level Annotations

Branches:
Dungeon (15/15)            Temple (1/1) D:7            Lair (5/5) D:8
  Swamp (4/4) Lair:2        Snake (4/4) Lair:2        Slime (0/5) Lair:4
    Orc (2/2) D:10            Elf (3/3) Orc:2        Vaults (3/5) D:14
 Depths (4/4) D:15            Zot (0/5) Depths:4    Gauntlet (visited)
  Crypt: Vaults:2-3

Altars:
Ashenzari
Cheibriados
Dithmenos
Elyvilon
Fedhas
Gozag
Hepliaklqana
Kikubaaqudgha
Makhleb
Nemelex Xobeh
Okawaru
Qazlal
Ru
Sif Muna
Trog
Uskayaw
Vehumet
Wu Jian
Xom
Yredelemnul
Zin
The Shining One
Beogh
Jiyva
Lugonu

Shops:
D:11 !   Orc:2 *[=(   Elf:1 ?:   Elf:3 =   Snake:1 :==   Snake:3 *[
Depths:1 ?   Depths:4 [

Portals:
Hell: Depths:1 Depths:2 Depths:3 Depths:4
Abyss: Depths:1 Depths:2 Depths:3
Pandemonium: Depths:2
Ziggurat: Depths:2

Annotations:
D:10 2 transporters, Lobster4's ghost, journeyman DEFE
Elf:2 3 runed translucent doors
Elf:3 2 runed translucent doors, Beno's ghost, journeyman HuNe
Vaults:3 Mennas
Depths:3 exclusion: 2 ice statues


Message History

You block the ancient lich's attack.
You hear a shout!
You take 1 damage, and have 39/240 hp.
You hit the ancient lich.
The ancient lich is lightly damaged.
You feel yourself speed up. You block the ancient lich's attack.
You slash the ancient lich! You burn the ancient lich.
The ancient lich is lightly damaged.
The ancient lich touches you but does no damage.
You closely miss the ancient lich.
The ancient lich is lightly damaged.
The ancient lich touches you but does no damage.
You barely miss the ancient lich.
The ancient lich is lightly damaged.
The ancient lich touches you.
* * * LOW HITPOINT WARNING * * *
A lich comes into view.
You take 5 damage, and have 34/240 hp.
A lich and a ynoxinul come into view.
The lich shouts!
The ynoxinul bellows!
You hear a howl!
The lich conjures a glowing orb.
Your +6 tower shield of reflection blocks the orb of destruction... and reflects it back!
The wavering orb of destruction hits the lich!!!
The ancient lich gestures wildly while chanting.
The ancient lich flickers and vanishes!
Deactivating autopickup; reactivate with Ctrl-A.
The lich touches you but does no damage.
You block the lich's attack. You block something's attack.
The lich gestures wildly while chanting.
The lich seems to speed up.
You block something's attack.
You carve something like a ham!!! You burn something. You hit the lich.
You burn the lich.
You hear a low.
You block the lich's attack.
You hear some strange, mumbled words.
A crystal spear appears from out of thin air!
The crystal spear hits you!!!
You die...

...#.# #
#.#..####...#
#.#..#... .
#.# #.#.#..#.
. . # ....#
.. .
###...### ...
# . #.≈
##L#.....# #
# ≈~ . .#L{#
.#. . .#
~~#...~..#@#
## #. .#
#~#...~~####
# ..# ##
~#3.∩.⌠ #⌠.
###. . ~..#.#
.⌠ . ~ . #⌠
## ⌠ . ~ #⌠
##⌠. . # .⌠
#. # # ⌠. .


You could see 2 liches.

Vanquished Creatures
  A dread lich (Depths:3)
  Xtahua (Vaults:3)
  Sojobo (Depths:1)
  Bai Suzhen (Swamp:2)
  Boris (Depths:2)
  Vashnia (Snake:4)
  A caustic shrike (Depths:1)
  2 golden dragons (Depths:4)
  3 bone dragons (Depths:4)
  The ghost of Samovom the Slayer, an adept GrFi of Okawaru (Elf:1)
  2 walking crystal tomes
  A tentacled monstrosity (Swamp:4)
  Asterion (Snake:2)
  4 liches
  A walking earthen tome (Depths:2)
  5 titans
  A quicksilver dragon (Depths:4)
  A walking divine tome (Depths:3)
  5 deep elf blademasters
  5 deep elf master archers
  3 tentacled starspawn (Abyss:3)
  2 sphinxes
  Gastronok (D:9)
  4 tengu reavers
  Aizul (Snake:2)
  4 storm dragons
  Donald (Orc:2)
  2 thorn hunters
  A daeva (Vaults:2)
  3 fenstrider witches
  3 nagarajas
  11 frost giants
  9 fire giants
  6 vault wardens
  2 deep elf sorcerers (Elf:3)
  2 iron dragons (Depths:4)
  The ghost of yetimobile the Marksant, an adept FoHs of Hepliaklqana (Snake:1)
  2 balrugs
  The ghost of ChongLi the Fencer, a journeyman DsDe of Uskayaw (Snake:1)
  Louise (Depths:3)
  An angel (Vaults:2)
  3 deep elf elementalists
  17 very ugly things
  A draconian annihilator (Depths:4)
  A formless jellyfish (Vaults:2)
  6 ironbound preservers
  3 ironbound thunderhulks
  8 orc warlords
  A draconian stormcaller (Depths:4)
  7 deep elf demonologists
  14 stone giants
  2 vampire knights (Depths:1)
  2 yellow draconians
  6 eleionomae
  2 green draconians (Depths:4)
  2 minotaurs
  5 bunyips
  6 deep elf death magi
  Azrael (D:14)
  4 deep elf annihilators (Elf:3)
  2 red draconians
  A white draconian (Depths:4)
  A blizzard demon (Depths:3)
  2 purple draconians (Depths:4)
  9 spark wasps
  4 dire elephants (Vaults:1)
  2 merfolk impalers
  9 ettins
  6 fire dragons
  2 deep elf high priests (Elf:3)
  2 entropy weavers (Vaults:1)
  2 green deaths (Swamp:4)
  3 merfolk javelineers
  4 yaktaur captains
  5 great orbs of eyes
  Erolcha (D:12)
  6 rakshasas
  12 hydras
  5 ice dragons
  4 vault guards (Vaults:3)
  4 spriggan air magi
  2 ogre magi
  A juggernaut simulacrum (Abyss:3)
  A death knight (D:14)
  5 salamander tyrants
  2 catoblepae
  4 ghost crabs
  4 boulder beetles
  A hell beast (Depths:4)
  10 ironbound frosthearts
  4 alligators
  6 two-headed ogres
  25 centaur warriors
  8 anacondas
  17 dancing weapons
  5 deep troll shamans
  3 hell hogs (Abyss:3)
  4 spriggan berserkers
  6 deep troll earth magi
  4 tengu warriors
  Urug (D:12)
  4 thrashing horrors
  7 death yaks
  6 occultists (Depths:3)
  11 naga warriors
  A shock serpent (Snake:3)
  15 deep elf knights
  14 naga sharpshooters
  6 orc high priests
  A soul eater (Abyss:3)
  A fire crab (Lair:5)
  5 skysharks
  6 wretched stars (Abyss:3)
  11 spriggans
  8 iron trolls
  A glowing orange brain (shapeshifter) (Depths:2)
  7 salamander mystics
  A spark wasp zombie (Depths:1)
  2 flayed ghosts
  Lodul (D:13)
  2 spriggan druids
  6 glowing orange brains
  8 naga ritualists
  5 goliath frogs
  A quicksilver dragon simulacrum (Depths:4)
  8 bog bodies
  8 deep elf archers
  4 ironbound convokers
  3 arcanists
  20 deep trolls
  3 harpies (Vaults:3)
  14 lindwurms
  10 swamp dragons
  A harpy (shapeshifter) (D:13)
  5 orc knights
  A necromancer (Depths:1)
  27 deep elf pyromancers
  19 deep elf zephyrmancers
  8 mana vipers
  6 orc sorcerers
  An oklob plant (Lair:1)
  A frost giant zombie (Depths:1)
  A mana viper (shapeshifter) (Elf:1)
  26 ugly things
  4 manticores
  A manticore (shapeshifter) (Elf:1)
  4 cyclopes
  13 salamanders
  7 will-o-the-wisps
  8 large abominations
  3 meliai (D:14)
  12 elephants
  A black mamba (shapeshifter) (D:13)
  5 vault sentinels
  41 black mambas
  5 kobold blastminers
  5 guardian serpents (Snake:4)
  16 naga magi
  An orange demon (Swamp:4)
  5 smoke demons
  3 gargoyles
  9 cane toads
  4 freezing wraiths
  An unseen horror zombie (D:8)
  11 rime drakes
  7 komodo dragons
  2 kobold demonologists (D:13)
  15 yaktaurs
  An ice devil (D:11)
  7 tengu conjurers
  3 efreet
  5 ancient zymes (Abyss:3)
  A silent spectre (Abyss:3)
  2 polar bears (D:13)
  11 merfolk
  14 tyrant leeches
  A harpy skeleton (Abyss:3)
  6 trolls
  21 blink frogs
  2 tarantellas (Vaults:1)
  A queen bee (D:14)
  11 hornets
  A wind drake (shapeshifter) (Vaults:1)
  3 raiju (Abyss:3)
  6 dream sheep (Lair:5)
  A glass eye (Depths:3)
  A fire giant simulacrum (Depths:1)
  14 slime creatures
  A blink frog (shapeshifter) (D:15)
  A spectral black mamba (Lair:2)
  An ettin skeleton (Depths:1)
  8 wraiths
  7 shadows
  4 air elementals
  2 vampires (D:12)
  Eustachio (D:4)
  4 water elementals
  70 yaks
  A fire bat (D:5)
  3 ynoxinuls
  A spriggan skeleton (Depths:1)
  15 wyverns
  8 fire elementals
  2 wargs
  A golden eye (Abyss:3)
  12 basilisks
  3 steam dragons
  2 redbacks (Vaults:1)
  21 vampire mosquitoes
  4 chaos spawn
  A neqoxec (Abyss:3)
  18 swamp worms
  47 nagas
  A swamp worm (shapeshifter) (Depths:2)
  6 hell hounds (D:14)
  2 acid dragons
  10 water moccasins
  5 swamp drakes
  A hornet zombie (D:8)
  A spectral blink frog (Lair:2)
  2 sky beasts
  49 orc warriors
  A black bear (shapeshifter) (D:15)
  6 laughing skulls (Abyss:2)
  3 black bears
  8 small abominations
  5 boggarts (D:15)
  13 centaurs
  12 ogres
  14 wolves
  2 phantoms
  4 weeping skulls
  A spectral wyvern (Lair:2)
  A brain worm (Abyss:3)
  A spectral water moccasin (Lair:2)
  12 bullfrogs
  A kobold brigand (D:9)
  4 scorpions
  11 wights
  25 killer bees
  4 electric eels (Lair:5)
  11 howler monkeys
  3 crimson imps (Gauntlet)
  A lava snake (Lair:5)
  A bombardier beetle (shapeshifter) (D:15)
  2 quasits
  4 hounds
  A jelly (D:6)
  3 gnoll boudas
  25 orc priests
  An iron imp (Abyss:3)
  6 iguanas
  A sleepcap (D:5)
  Terence (D:3)
  8 hell rats
  26 orc wizards
  2 killer bee zombies (D:8)
  A howler monkey zombie (D:8)
  Robin (D:2)
  10 gnolls
  5 adders
  A shadow imp (D:4)
  2 white imps
  4 ufetubi
  2 worms (D:3)
  2 dart slugs
  74 orcs
  7 endoplasms
  4 giant cockroaches
  16 goblins
  11 hobgoblins
  12 jackals
  16 kobolds
  A quokka (D:1)
  12 ball pythons
  9 bats
  2 frilled lizards (D:1)
  5 rats
  5 starspawn tentacles (Abyss:3)
1722 creatures vanquished.

Vanquished Creatures (others)
  Norris (Depths:1)
  A frost giant (Abyss:3)
  A fire giant (Depths:2)
  An ice dragon (Abyss:3)
  An occultist (Depths:3)
  A bog body (Swamp:2)
  An arcanist (D:5)
  A large abomination (Abyss:3)
  A smoke demon (Abyss:3)
  A freezing wraith (Depths:3)
  3 bloated husks
  A hornet (Abyss:3)
  A raiju (Abyss:3)
  3 fire bats (Abyss:3)
  2 yaks (Lair:5)
  A golden eye (Abyss:3)
  2 chaos spawn (Abyss:3)
  A naga (Lair:2)
  An orc warrior (Abyss:3)
  A weeping skull (Abyss:3)
  A killer bee (D:14)
  An orc wizard (D:6)
  An orc (Abyss:3)
  24 foxfires
  A lurking horror (Abyss:3)
  7 starspawn tentacles (Abyss:3)
61 creatures vanquished.

Grand Total: 1783 creatures vanquished

Notes
Turn   | Place    | Note
-------+----------+-------------------------------------------
     0 | D:1      | jasper the Hill Orc Fighter began the quest for the Orb.
     0 | D:1      | Reached XP level 1. HP: 19/19 MP: 1/1
   132 | D:1      | Reached XP level 2. HP: 26/27 MP: 2/2
   397 | D:1      | Reached XP level 3. HP: 33/33 MP: 3/3
   951 | D:2      | Reached XP level 4. HP: 40/40 MP: 4/4
  1635 | D:3      | Noticed Robin
  1647 | D:2      | Killed Robin
  1648 | D:2      | Reached XP level 5. HP: 47/47 MP: 3/5
  1913 | D:3      | Reached skill level 5 in Axes
  2061 | D:3      | Noticed Terence
  2075 | D:3      | Killed Terence
  2159 | D:3      | Identified the +0 robe of Trial and Error {Fly Dex+2}
  2534 | D:4      | Noticed Eustachio
  2551 | D:5      | Entered Level 5 of the Dungeon
  2642 | D:5      | Reached XP level 6. HP: 55/55 MP: 4/6
  2806 | D:5      | Reached skill level 5 in Fighting
  2858 | D:5      | Reached XP level 7. HP: 55/61 MP: 7/7
  2882 | D:5      | HP: 2/61 [poisoned by a gnoll]
  3172 | D:5      | Found a shimmering altar of Xom.
  3405 | D:5      | Noticed a fire bat
  3413 | D:5      | Killed a fire bat
  3414 | D:5      | Reached skill level 5 in Armour
  3414 | D:5      | Reached skill level 5 in Shields
  3744 | D:5      | Found a bloodstained altar of Trog.
  3746 | D:5      | Noticed a wizard
  3750 | D:5      | Killed a wizard
  3883 | D:6      | Reached XP level 8. HP: 70/70 MP: 8/8
  3910 | D:6      | Noticed a wraith
  4210 | D:7      | Identified the +7 orcbow "Hasaal" {drain, *Slow rElec rF++
                  | rC+}
  4884 | D:7      | Found a staircase to the Ecumenical Temple.
  4979 | Temple   | Entered the Ecumenical Temple
  5005 | Temple   | Became a worshipper of Warmaster Okawaru
  5184 | D:8      | Reached XP level 9. HP: 36/77 MP: 6/9
  5457 | D:8      | Reached skill level 10 in Axes
  5511 | D:8      | Found a basalt altar of Yredelemnul.
  5583 | D:8      | Reached * piety under Okawaru
  5980 | D:8      | Found a shadowy altar of Dithmenos.
  6056 | D:8      | Found a snail-covered altar of Cheibriados.
  6171 | D:8      | Found a broken altar of Ashenzari.
  6258 | D:8      | Reached skill level 1 in Throwing
  6258 | D:8      | Reached skill level 1 in Invocations
  6336 | D:8      | Noticed a komodo dragon
  6355 | D:8      | Killed a komodo dragon
  6507 | D:8      | Reached ** piety under Okawaru
  6533 | D:8      | Reached XP level 10. HP: 55/88 MP: 7/12
  6632 | D:8      | Found a staircase to the Lair.
  6909 | D:8      | Found an opulent altar of Gozag.
  6946 | D:9      | Noticed Gastronok
  7071 | D:10     | Entered Level 10 of the Dungeon
  7104 | D:10     | Noticed a two-headed ogre
  7111 | D:10     | Killed a two-headed ogre
  7216 | D:10     | Found a staircase to the Orcish Mines.
  7547 | D:10     | Found a transporter.
  7634 | D:10     | Noticed Lobster4's ghost (journeyman DEFE)
  7638 | D:10     | Noticed a green ugly thing
  7654 | D:10     | Found a transporter.
  7687 | D:10     | Noticed a two-headed ogre
  7699 | D:10     | Killed a two-headed ogre
  7699 | D:10     | Reached *** piety under Okawaru
  7810 | D:11     | Reached skill level 10 in Fighting
  7810 | D:11     | Reached skill level 15 in Axes
  7810 | D:11     | Reached XP level 11. HP: 74/101 MP: 11/13
  7903 | D:11     | Noticed a brown ugly thing
  7912 | D:11     | Killed a brown ugly thing
  7913 | D:11     | Reached skill level 10 in Armour
  8421 | D:4      | Killed Eustachio
  8421 | D:4      | Reached **** piety under Okawaru
  9159 | D:6      | Reached XP level 12. HP: 107/110 MP: 14/14
  9718 | D:9      | Found a hide-covered altar of Uskayaw.
  9852 | Lair:1   | Entered Level 1 of the Lair of Beasts
 10533 | Lair:1   | Reached ***** piety under Okawaru
 11725 | Lair:2   | Noticed a ghost crab
 11729 | Lair:2   | Received a gift from Okawaru
 11999 | Lair:2   | Killed a ghost crab
 12293 | Lair:2   | Found a staircase to the Snake Pit.
 12884 | Lair:2   | Found a staircase to the Swamp.
 12971 | Lair:3   | Noticed a catoblepas
 12993 | Lair:3   | Killed a catoblepas
 13012 | Lair:3   | Noticed a five-headed hydra
 13012 | Lair:3   | Noticed a skyshark
 13022 | Lair:3   | Noticed a boulder beetle
 13029 | Lair:2   | Killed a five-headed hydra
 13029 | Lair:2   | Received a gift from Okawaru
 13030 | Lair:2   | Reached XP level 13. HP: 51/124 MP: 7/15
 14066 | Lair:3   | HP: 4/125 [yak (4)]
 14072 | Lair:3   | Reached skill level 15 in Fighting
 15200 | Lair:4   | Identified the amulet of the Rabble {Reflect -Tele rF+ MP+9
                  | Int+2 SH+5}
 15236 | Lair:4   | Received a gift from Okawaru
 15334 | Lair:4   | Found a gate leading to a gauntlet.
 15341 | Gauntlet | Entered a Gauntlet
 15341 | Gauntlet | Found a transporter.
 15341 | Gauntlet | Found a transporter.
 15453 | Gauntlet | Found a transporter.
 15455 | Gauntlet | Found a transporter.
 15456 | Gauntlet | Found a transporter.
 15464 | Gauntlet | Noticed a blizzard demon
 15466 | Gauntlet | Noticed a great orb of eyes
 15470 | Gauntlet | Found a transporter.
 15471 | Gauntlet | Found a transporter.
 15480 | Gauntlet | Found a transporter.
 15572 | Gauntlet | Found a transporter.
 15582 | Gauntlet | Found a transporter.
 15586 | Gauntlet | Found a transporter.
 15596 | Gauntlet | Found a transporter.
 15735 | Gauntlet | HP: 5/128 [cyan ugly thing (16)]
 15744 | Gauntlet | Killed a great orb of eyes
 16280 | Gauntlet | Noticed a minotaur
 16293 | Gauntlet | Killed a minotaur
 16305 | Gauntlet | Identified the +7 dagger of Cadoiledua {freeze, rElec rC+
                  | rCorr}
 16642 | Lair:4   | Reached XP level 14. HP: 125/137 MP: 17/17
 16695 | Lair:4   | Reached skill level 15 in Armour
 16795 | Lair:4   | Found a viscous altar of Jiyva.
 16796 | Lair:4   | Found a staircase to the Slime Pits.
 16819 | Lair:4   | Received a gift from Okawaru
 17223 | Lair:5   | Entered Level 5 of the Lair of Beasts
 17274 | Lair:5   | Reached skill level 5 in Invocations
 17759 | Lair:5   | Received a gift from Okawaru
 17768 | Lair:5   | Reached ****** piety under Okawaru
 17776 | Lair:5   | Acquired a +2 broad axe of flaming
 17776 | Lair:5   | Received a gift from Okawaru
 17779 | Lair:5   | Acquired the +18 crystal plate armour of Gravitas {rElec
                  | Will+ Dex+3}
 17779 | Lair:5   | Received a gift from Okawaru
 18709 | Lair:5   | Received a gift from Okawaru
 19075 | D:9      | Killed Gastronok
 19159 | D:9      | Found a white marble altar of Elyvilon.
 19516 | D:9      | Found a roughly hewn altar of Beogh.
 19930 | D:9      | Found a radiant altar of Vehumet.
 20403 | Orc:1    | Entered Level 1 of the Orcish Mines
 20452 | Orc:1    | Found a transporter.
 20478 | Orc:1    | Noticed an orc warlord
 20512 | Orc:1    | Found a roughly hewn altar of Beogh.
 20512 | Orc:1    | Found a transporter.
 20652 | Orc:1    | Reached XP level 15. HP: 97/147 MP: 11/21
 21178 | Orc:1    | Killed an orc warlord
 21195 | Orc:1    | Received a gift from Okawaru
 21426 | Orc:2    | Entered Level 2 of the Orcish Mines
 21877 | Orc:2    | Noticed an orc warlord
 21901 | Orc:2    | Noticed Donald
 21917 | Orc:2    | Found a staircase to the Elven Halls.
 21942 | Orc:2    | HP: 3/149 [Donald/+2 war axe of venom (17)]
 21943 | Orc:2    | Killed Donald
 22341 | Orc:2    | Received a gift from Okawaru
 22447 | Orc:2    | Paralysed by an orc sorcerer for 3 turns
 22470 | Orc:2    | Found Bemagiv's General Store.
 22470 | Orc:2    | Found Luallo's Jewellery Shop.
 22531 | Orc:2    | Found Mator's Antique Armour Shop.
 22531 | Orc:2    | Found Yfatu's Antique Weapon Boutique.
 22545 | Orc:2    | Bought a scroll of teleportation for 30 gold pieces
 22545 | Orc:2    | Bought 2 silver javelins for 180 gold pieces
 22546 | Orc:2    | Bought an amulet of regeneration for 360 gold pieces
 22624 | Orc:2    | Paralysed by an orc sorcerer for 3 turns
 22651 | Orc:2    | Killed an orc warlord
 23763 | D:12     | Identified the staff "Hell-Harrower" {rF+ rN+ Necro Tloc}
 23791 | D:12     | Noticed Urug
 23806 | D:12     | Killed Urug
 24342 | D:12     | Noticed Erolcha
 24354 | D:12     | Killed Erolcha
 24686 | D:12     | Received a gift from Okawaru
 24936 | D:13     | Noticed Lodul
 24951 | D:13     | Killed Lodul
 25080 | D:13     | Identified the +0 ring mail of the Changing Gods {Will++
                  | Regen+ Int-3 Slay+3}
 25207 | D:13     | Received a gift from Okawaru
 25274 | D:13     | Found an iron altar of Okawaru.
 25672 | D:13     | Reached XP level 16. HP: 159/159 MP: 22/22
 25722 | D:14     | Noticed Azrael
 25742 | D:14     | Killed Azrael
 26216 | D:14     | Found a gate to the Vaults.
 26324 | D:14     | Received a gift from Okawaru
 26509 | D:14     | Reached skill level 10 in Shields
 26829 | D:15     | Entered Level 15 of the Dungeon
 26972 | D:15     | Found a staircase to the Depths.
 27406 | D:15     | Received a gift from Okawaru
 27798 | Depths:1 | Entered Level 1 of the Depths
 28173 | Snake:1  | Entered Level 1 of the Snake Pit
 28236 | Snake:1  | Found a runed translucent gate.
 28237 | Snake:1  | Found a runed translucent gate.
 28239 | Snake:1  | Found a runed translucent gate.
 28241 | Snake:1  | Noticed yetimobile's ghost (adept FoHs)
 28241 | Snake:1  | Noticed ChongLi's ghost (journeyman DsDe)
 28702 | Snake:1  | Found Juditea's Book Emporium.
 28702 | Snake:1  | Found Jenkoul's Jewellery Boutique.
 28703 | Snake:1  | Found Riefilio's Jewellery Boutique.
 28930 | Snake:1  | Killed yetimobile's ghost
 28940 | Snake:1  | Killed ChongLi's ghost
 29058 | Snake:2  | Identified the serpent talisman of Luuttydo {Dex+5}
 29058 | Snake:2  | Noticed Aizul
 29065 | Snake:2  | Received a gift from Okawaru
 29079 | Snake:2  | Killed Aizul
 29080 | Snake:2  | Reached XP level 17. HP: 124/170 MP: 23/23
 29423 | Snake:2  | Noticed Asterion
 29437 | Snake:2  | Killed Asterion
 30447 | Snake:3  | Received a gift from Okawaru
 30492 | Snake:3  | Found Opixkic's Armour Boutique.
 30492 | Snake:3  | Found Soashrok's General Store.
 30502 | Snake:3  | Bought a +1 pair of gloves of strength for 231 gold pieces
 30522 | Snake:3  | Bought the +1 helmet "Gos Gam" {Rampage Dex+4 Stlth-} for
                  | 423 gold pieces
 30522 | Snake:3  | Bought a +1 pair of boots for 207 gold pieces
 31282 | Snake:4  | Entered Level 4 of the Snake Pit
 31327 | Snake:4  | Received a gift from Okawaru
 31577 | Snake:4  | Upgraded the game from 0.31-a0-1447-g87ca8d402b to
                  | 0.31-a0-1469-gd420192249
 31943 | Snake:4  | Reached skill level 1 in Dodging
 31978 | Snake:4  | Noticed Vashnia
 31997 | Snake:4  | Killed Vashnia
 32209 | Snake:4  | Received a gift from Okawaru
 32531 | Snake:4  | Reached XP level 18. HP: 182/182 MP: 24/24
 32793 | Snake:4  | Received a gift from Okawaru
 33102 | Snake:4  | Got a serpentine rune of Zot
 33262 | Swamp:1  | Entered Level 1 of the Swamp
 33627 | Swamp:1  | You fall into a shaft and drop 1 floor!
 34102 | Swamp:2  | Received a gift from Okawaru
 34315 | Swamp:2  | Got the Reference Book on the Limned Oath
 34338 | Swamp:2  | Identified the +1 falchion "Sifu" {heavy, *Slow rElec
                  | Int+3}
 35012 | Swamp:3  | Noticed Bai Suzhen
 35274 | Swamp:2  | Killed Bai Suzhen
 35413 | Swamp:3  | Reached skill level 5 in Dodging
 35737 | Swamp:3  | Found a shimmering altar of Xom.
 35967 | Swamp:4  | Entered Level 4 of the Swamp
 35989 | Swamp:4  | Received a gift from Okawaru
 36526 | Swamp:4  | Reached XP level 19. HP: 192/192 MP: 25/25
 37091 | Swamp:4  | Received a gift from Okawaru
 37187 | Swamp:4  | Reached skill level 15 in Shields
 37496 | Swamp:4  | Noticed a tentacled monstrosity
 37504 | Swamp:4  | Killed a tentacled monstrosity
 37517 | Swamp:4  | Got a decaying rune of Zot
 38278 | Elf:1    | Entered Level 1 of the Elven Halls
 38291 | Elf:1    | Received a gift from Okawaru
 38325 | Elf:1    | Found a runed translucent gate.
 38326 | Elf:1    | Found a runed translucent gate.
 38327 | Elf:1    | Found a runed translucent gate.
 38327 | Elf:1    | Noticed Samovom's ghost (adept GrFi)
 38334 | Elf:1    | Found an iron altar of Okawaru.
 38522 | Elf:1    | Found a shimmering altar of Xom.
 38674 | Elf:1    | Found Puininey's Magic Scroll Shop.
 38687 | Elf:1    | Bought a scroll of fear for 64 gold pieces
 38739 | Elf:1    | Received a gift from Okawaru
 38842 | Elf:1    | Identified a scroll of acquirement
 38848 | Elf:1    | Acquired the +2 pair of slick slippers {slick, slippery,
                  | EV+4}
 38848 | Elf:1    | Found the +2 pair of slick slippers {slick, slippery, EV+4}
 38879 | Elf:1    | Found Osejeam's Book Emporium.
 38916 | Elf:1    | Found a huge runed translucent gate.
 38917 | Elf:1    | Found a huge runed translucent gate.
 38917 | Elf:1    | Found a huge runed translucent gate.
 38917 | Elf:1    | Found a huge runed translucent gate.
 38918 | Elf:1    | Found a huge runed translucent gate.
 38921 | Elf:1    | Found a huge runed translucent gate.
 38922 | Elf:1    | Found a huge runed translucent gate.
 38922 | Elf:1    | Found a huge runed translucent gate.
 38922 | Elf:1    | Found a huge runed translucent gate.
 38922 | Elf:1    | Found a huge runed translucent gate.
 38922 | Elf:1    | Found a huge runed translucent gate.
 38922 | Elf:1    | Found a huge runed translucent gate.
 38922 | Elf:1    | Found a huge runed translucent gate.
 38923 | Elf:1    | Found a huge runed translucent gate.
 38923 | Elf:1    | Found a huge runed translucent gate.
 38923 | Elf:1    | Found a huge runed translucent gate.
 38923 | Elf:1    | Found a huge runed translucent gate.
 38923 | Elf:1    | Found a huge runed translucent gate.
 38923 | Elf:1    | Found a huge runed translucent gate.
 38923 | Elf:1    | Found a huge runed translucent gate.
 39359 | Abyss:2  | Cast into level 2 of the Abyss (orc warlord)
 39383 | Abyss:2  | Found a corrupted altar of Lugonu.
 39406 | Abyss:2  | Found a corrupted altar of Lugonu.
 39414 | Abyss:2  | Fell from the grace of Okawaru
 39414 | Abyss:2  | Became a worshipper of Lugonu the Unformed
 39414 | Abyss:2  | Reached * piety under Lugonu
 39414 | Abyss:2  | Reached ** piety under Lugonu
 39789 | Elf:1    | Escaped the Abyss
 39851 | Elf:1    | Killed Samovom's ghost
 40106 | Elf:1    | Identified the +0 helmet of Ynuim {Dex+5}
 40238 | Elf:2    | Noticed a Hell Sentinel
 40428 | Elf:2    | Reached XP level 20. HP: 204/204 MP: 26/26
 40436 | Elf:2    | Found a runed translucent gate.
 40437 | Elf:2    | Found a runed translucent gate.
 40437 | Elf:2    | Found a runed translucent gate.
 40857 | Elf:3    | Entered Level 3 of the Elven Halls
 41073 | Elf:3    | Reached *** piety under Lugonu
 41389 | Elf:3    | Got Goumn's Vellum of Passive Income
 41600 | Elf:3    | Reached skill level 10 in Invocations
 41681 | Elf:3    | Found Hepsuet's Jewellery Shop.
 41710 | Elf:3    | Found a large runed translucent door.
 41711 | Elf:3    | Found a large runed translucent door.
 41711 | Elf:3    | Noticed Beno's ghost (journeyman HuNe)
 41916 | Elf:3    | Noticed a Tzitzimitl
 42308 | Elf:3    | Reached **** piety under Lugonu
 42336 | Elf:3    | Found the +3 pair of seven-league boots {Rampage+∞}
 42340 | Elf:3    | Identified the +1 helmet "Qinti" {rN+}
 42368 | Elf:3    | Got the Precepts of Congelation
 42375 | Elf:3    | Got Sif Muna's Tractate on Collective Topology
 42414 | Elf:3    | Identified the ring of Mowat {rElec Will- Str+8 Dex-3 SInv}
 42418 | Elf:3    | Identified the +11 shadow dragon scales of Devotion {rElec
                  | rC+ Slay+2 Stlth++++}
 42461 | Elf:3    | Identified the +9 lajatang of the Hidden Vale {speed, rF+
                  | Str+6}
 42485 | Elf:3    | Identified the +6 halberd of the Endless March {drain,
                  | *Rage rF+ rC+ Str+6}
 42833 | Vaults:1 | Entered Level 1 of the Vaults
 43957 | D:11     | Found Abu Jany's Distillery.
 43971 | D:11     | Bought 2 potions of heal wounds for 160 gold pieces
 43971 | D:11     | Bought a potion of resistance for 160 gold pieces
 43971 | D:11     | Bought a potion of curing for 48 gold pieces
 43971 | D:11     | Bought a potion of lignification for 48 gold pieces
 43971 | D:11     | Bought a potion of curing for 48 gold pieces
 43971 | D:11     | Bought a potion of enlightenment for 80 gold pieces
 44397 | Vaults:1 | Was forgiven by Okawaru
 44573 | Vaults:1 | Reached ***** piety under Lugonu
 45404 | Vaults:2 | Reached XP level 21. HP: 193/215 MP: 30/30
 45977 | Vaults:2 | Found a runed gate.
 45977 | Vaults:2 | Found a runed gate.
 45977 | Vaults:2 | Found a runed gate.
 46179 | Vaults:2 | Found a glowing golden altar of the Shining One.
 46766 | Vaults:3 | Noticed Xtahua
 46781 | Vaults:3 | Killed Xtahua
 47161 | Vaults:3 | Reached skill level 15 in Invocations
 47384 | Vaults:3 | Noticed Mennas
 47587 | Depths:1 | Found a corrupted altar of Lugonu.
 47590 | Depths:1 | Found a one-way gate to the infinite horrors of the Abyss.
 47780 | Depths:1 | Noticed Sojobo
 47784 | Depths:1 | Paralysed by an air elemental for 1 turns
 47802 | Depths:1 | Killed Sojobo
 47865 | Depths:1 | Reached ****** piety under Lugonu
 48054 | Depths:1 | Found a gateway to Hell.
 48082 | Depths:1 | Noticed Norris
 48141 | Depths:1 | HP: 10/217 [Norris/torrent of water (38)]
 48151 | Depths:1 | Killed Norris
 48351 | Depths:1 | Noticed a caustic shrike
 48363 | Depths:1 | Killed a caustic shrike
 48522 | Depths:1 | Acquired 1151 gold pieces
 48589 | Depths:1 | Reached XP level 22. HP: 220/226 MP: 33/33
 48862 | Depths:1 | Identified the +1 broad axe of Laleagi {speed, rPois Will-
                  | Dex+2}
 48952 | Depths:1 | Identified the +3 whip of Incongruity {freeze, rElec rF-
                  | Will+ Int+6}
 48996 | Depths:1 | Found Qiulas's Magic Scroll Shop.
 48999 | Depths:1 | Bought 3 scrolls of blinking for 337 gold pieces
 48999 | Depths:1 | Bought a scroll of acquirement for 780 gold pieces
 48999 | Depths:1 | Bought a scroll of butterflies for 60 gold pieces
 48999 | Depths:1 | Acquired 746 gold pieces
 49007 | Depths:1 | Found a hide-covered altar of Uskayaw.
 49116 | Depths:1 | Found a faded altar of an unknown god.
 49117 | Depths:1 | Found a hazy altar of Hepliaklqana.
 49381 | Depths:2 | Noticed Boris
 49394 | Depths:2 | Killed Boris
 49510 | Depths:2 | Got the Atlas of Brumal Air
 49765 | Depths:2 | Found a one-way gate leading to the halls of Pandemonium.
 50202 | Depths:2 | Found a one-way gateway to a ziggurat.
 50367 | Depths:3 | Noticed Louise
 50375 | Depths:3 | Killed Louise
 50395 | Depths:3 | Reached skill level 27 in Fighting
 51375 | Depths:3 | Noticed a dread lich
 51390 | Depths:3 | Paralysed by a dread lich for 5 turns
 51396 | Depths:3 | Killed a dread lich
 51697 | Depths:4 | Entered Level 4 of the Depths
 51805 | Depths:4 | Found a gate to the Realm of Zot.
 51821 | Depths:4 | Reached XP level 23. HP: 195/240 MP: 34/34
 51993 | Depths:4 | Noticed a golden dragon
 52014 | Depths:4 | Killed a golden dragon
 52021 | Depths:4 | Reached skill level 27 in Armour
 52049 | Depths:4 | Found a white marble altar of Elyvilon.
 52329 | Depths:4 | Found Vownekhly's Armour Boutique.
 52744 | Depths:4 | Noticed a golden dragon
 52756 | Depths:4 | Killed a golden dragon
 53097 | Depths:3 | Voluntarily entered the Abyss.
 53206 | Abyss:3  | Found a corrupted altar of Lugonu.
 53217 | Abyss:3  | Found a corrupted altar of Lugonu.
 53217 | Abyss:3  | Found a corrupted altar of Lugonu.
 53358 | Abyss:3  | Paralysed by an air elemental for 1 turns
 53782 | Abyss:3  | Noticed an ancient lich
 53799 | Abyss:3  | Killed from afar by an ancient lich

Illustrated notes

Levels and vault maps discovered:
D:1:      psy_arrival_terrarium, layout_basic
D:2:      layout_loops_cross, corexii_item_surrounded_by_moat
D:3:      layout_rooms, uniq_robin, uniq_terence
D:4:      layout_loops_corners, uniq_eustachio
D:5:      layout_basic, trog_wizard, regret_index_xom_of_box,
          amcnicky_mini_pool_small, serial_bayou_pond_e
D:6:      layout_basic
D:7:      layout_basic, temple_pool_b, kennysheep_small_spiral,
          nicolae_benzene_ring
D:8:      layout_loops_ring, mainiacjoe_overflow_alcove_2,
          nicolae_overflow_quartered_altars, erik_lair_dragon, serial_undead,
          serial_undead_f, serial_undead_b, serial_undead_f, serial_undead_a
D:9:      layout_layer_cave, vehumet_altar_wand_db,
          mainiacjoe_overflow_catch_the_wave, minmay_gold_behind_fungi,
          david_defended_altar_orc, uniq_gastronok
D:10:     layout_basic, orc_0_dummy, gammafunk_ghost_arena, grunt_decor_cap,
          minmay_misc_feat_chi
D:11:     layout_cave_pools, serial_shops, nicolae_shop_statue_plus,
          dilly_guarded_unrand_elemental_staff
D:12:     layout_basic, uniq_erolcha, uniq_urug
D:13:     layout_grid_maze, portal_ice_cave_entry_animals_and_master,
          okawaru_trees_1, uniq_lodul
D:14:     layout_basic, hellmonk_vaults_attempted_burglary,
          hangedman_decor_slide_cut, special_room [special_room_mythical_zoo],
          minivault_7, uniq_azrael
D:15:     grunt_enter_depths_hoard, layout_stronghold, minmay_misc_feat_x
Temple:   minmay_temple_forest_path
Lair:1:   layout_cave_pods, minmay_lair_oklob_bushes, grunt_megastairs_5
Lair:2:   layout_roguey, nicolae_swamp_entry_spooky,
          minmay_snake_entry_guardpost_small
Lair:3:   layout_long_grid, grunt_megastairs_1, lemuel_fruit_tree
Lair:4:   layout_gridlike, slime_entry_1, gauntlet_entry_generic,
          serial_bayou_shore_b, infiniplex_staircase_pool_2
Lair:5:   grunt_lair_end_beastmaster, layout_gridlike,
          chequers_serial_rivers_micro_b, nicolae_quartered_pool_impasse,
          infiniplex_staircase_pool, serial_bayou_shore_a
Swamp:1:  layout_basic_swamp, nicolae_swamp_ascending_descending
Swamp:2:  layout_falls_marsh, serial_swamp_ruin, evilmike_swamp_ruin_house_1,
          evilmike_swamp_ruin_rubble_2, hangedman_swamp_wriggling
Swamp:3:  layout_basic_swamp, nicolae_swamp_dense_foliage, swamp_pool_5,
          nicolae_swamp_godswood, nicolae_swamp_bloodsuckers_inc,
          uniq_bai_suzhen
Swamp:4:  swamp_vile, layout_basic_swamp, nzn_swamp_dancing_lights
Snake:1:  layout_gridlike, gammafunk_ghost_cemetery, minmay_shop_grove
Snake:2:  layout_chambers, uniq_asterion, uniq_aizul
Snake:3:  layout_gridlike, minmay_shoptagon
Snake:4:  johnstein_snake_rune_scales, layout_chambers
Orc:1:    gammafunk_beogh_shrine, layout_caves
Orc:2:    st_orc_congregation, layout_diamond_mine, mines2_lemuel, uniq_donald
Elf:1:    minmay_elf_arrival_plus, layout_gridlike, serial_shops, shop, shop,
          gammafunk_ghost_fury_of_okawaru, basic_altar, hangedman_elf_represent
Elf:2:    nicolae_elf_blades_crystal_corner, layout_gridlike
Elf:3:    elf_hall_gauntlet_wide, layout_loops_corners, serial_shops,
          shop_fountains, ebering_ghost_disaster_area, hellmonk_elf_help
Vaults:1: nicolae_vaults_six-pack, nicolae_vaults_puzzle_piece,
          nicolae_vaults_lightning_bolt, nicolae_vaults_trapezoid_lopsided_3,
          nicolae_vaults_border_crossing, ontoclasm_vaults_loading_screen,
          v_pattern_1, v_misc_1, vaults_standard_mumra_x,
          nicolae_vaults_trapezoid_3, nicolae_vaults_gold_heap,
          ontoclasm_vaults_tryst, nicolae_vaults_tetromino_Z_2,
          layout_vaults_ring
Vaults:2: nicolae_vaults_mini_display_case, v_misc_19, wander_protected_by_tso,
          nicolae_vaults_two_Ls, nicolae_vaults_tetromino_L_1,
          dpeg_vaults_monster_row, nicolae_vaults_mitosis,
          nicolae_vaults_little_squares_3, ontoclasm_vaults_loading_screen,
          layout_vaults_big_room
Vaults:3: vaults_room_guarded_vault, nicolae_vaults_heart-shaped_vault,
          hangedman_vaults_pinch, nicolae_vaults_trapezoid_lopsided_2,
          minmay_crypt_entry_necro_gods, ontoclasm_vaults_chip,
          vaults_dpeg_encased_lava, nicolae_vaults_more_shelving_1,
          nicolae_vaults_apartment_1, vaults_room_semicircle,
          nicolae_vaults_six-pack, layout_vaults_omnigrid, uniq_xtahua,
          uniq_jory, uniq_mennas
Depths:1: evilmike_horseshoe, layout_gridlike, abyss_entry_flame_altar,
          nicolae_uskayaw_en_pointe, serial_shops, kennysheep_mini, hell_entry,
          beargit_hepliaklqana_dungeon_heroes, uniq_sojobo, uniq_norris
Depths:2: minmay_textured_paths, layout_honeycomb, enter_ziggurat_b,
          rand_demon_pan_entry_8, abyss_entry, hell_entry, uniq_boris
Depths:3: cheibrodos_cascadia, layout_gridlike, grunt_hell_entry_dis_old,
          nicolae_abyss_entry_one_way_or_another, minmay_misc_feat_diagonals,
          nicolae_twisting_strands, minmay_misc_feat_doors, serial_bayou_shore_b
Depths:4: grunt_x_marks_the_spot, layout_basic, serial_shops,
          nicolae_shop_real_fake_doors, nicolae_elyvilon_temple_path,
          grunt_mini_vestibule
Abyss:3:  base: Vaults:4, minivault_4, evilmike_abyss_exit_2, base: D:9,
          nicolae_abyss_rune_star_stuff, hangedman_elemental_corridor,
          patterned_corridor, lemuel_flamethrower_hall, evilmike_abyss_exit_2,
          minivault_20, due_evilmike_abyss_rune_seething_liches,
          due_evilmike_abyss_rune_seething_liches

Skill      XL: |  1  2  3  4  5  6  7  8  9 10 11 12 13 14 15 16 17 18 19 20 21 22 23 |
---------------+----------------------------------------------------------------------+-----
Axes           | 3 4 5 6 7 9 11 15 16 18 | 18.0
Fighting       | 4 5 6 8 10 11 14 16 17 18 20 21 22 23 24 25 27 | 27.0
Armour         | 4 5 6 7 9 10 12 14 15 17 18 19 20 21 22 24 26 27 | 27.0
Shields        | 4 5 6 8 11 13 14 15 | 15.9
Throwing       | 3 |  3.0
Invocations    | 3 4 8 9 12 15 16 | 16.8
Dodging        | 2 5 7 8 9 |  9.5

Action                     |  1- 3 |  4- 6 |  7- 9 | 10-12 | 13-15 | 16-18 | 19-21 | 22-24 || total
---------------------------+-------+-------+-------+-------+-------+-------+-------+-------++-------
  Melee: War axe           |    88 |   189 |   290 |   489 |   345 |       |       |       ||  1401
         Demon trident     |       |       |       |    10 |       |       |       |       ||    10
         Broad axe         |       |       |       |       |   828 |  1206 |  1461 |   908 ||  4403
         Unarmed           |       |       |       |       |       |       |     2 |       ||     2
  Throw: Stone             |     2 |     3 |       |       |       |       |       |       ||     5
         Boomerang         |       |       |     1 |    11 |     7 |    36 |    43 |     7 ||   105
         Javelin           |       |       |       |       |       |       |    12 |       ||    12
         Dart              |       |       |       |       |       |       |     1 |       ||     1
 Invoke: Heroism           |       |       |     2 |     2 |     9 |     4 |     1 |       ||    18
         Receive Weapon    |       |       |       |       |     1 |       |       |       ||     1
         Receive Armour    |       |       |       |       |     1 |       |       |       ||     1
         Finesse           |       |       |       |       |       |     4 |     1 |       ||     5
         Depart the Abyss  |       |       |       |       |       |       |     1 |       ||     1
  Evoke: Wand              |       |       |     1 |     9 |     2 |     2 |     3 |       ||    17
    Use: Scroll            |     6 |     6 |     5 |    11 |     9 |     4 |     8 |     5 ||    54
         Potion            |       |       |     4 |     1 |     9 |       |     9 |     2 ||    25
   Stab: Petrified         |       |       |       |     2 |     8 |       |       |       ||    10
         Distracted        |       |       |       |     1 |       |       |       |       ||     1
         Invisible         |       |       |       |       |     3 |       |       |       ||     3
 Armour: Scale mail        |    72 |    81 |       |       |       |       |       |       ||   153
         Chain mail        |       |    96 |   279 |    56 |       |       |       |       ||   431
         Plate armour      |       |       |       |   382 |   456 |       |       |       ||   838
         Crystal plate arm |       |       |       |       |   573 |  1098 |  1076 |   574 ||  3321
         Skin              |       |       |       |       |       |       |     2 |       ||     2
  Dodge: Dodged            |    58 |   109 |   120 |   151 |   262 |   261 |   467 |   232 ||  1660
  Block: Buckler           |    30 |    46 |    74 |    97 |   301 |       |       |       ||   548
         Reflection        |       |       |       |       |     6 |    73 |    61 |    45 ||   185
         Kite shield       |       |       |       |       |   132 |   724 |   731 |    12 ||  1599
         Tower shield      |       |       |       |       |       |       |       |   952 ||   952

Table legend: (Time is in decaauts)
 A = Elapsed time spent in this place.
 B = Non-inter-level travel time spent in this place.
 C = Inter-level travel time spent in this place.
 D = Time resting spent in this place.
 E = Time spent auto-exploring this place.
 F = Levels seen in this place.
 G = Mean time per level.
                   A        B        C        D        E       F      G
               +--------+--------+--------+--------+--------+-----+--------+
         Total |  53107 |  48081 |   5026 |   4494 |  32083 |  45 | 1180.2 |
       Dungeon |  17157 |  14566 |   2591 |    467 |  10957 |  15 | 1143.8 |
        Temple |     52 |      2 |     50 |      0 |      0 |   1 |   52.0 |
          Lair |   8108 |   7530 |    578 |    895 |   5316 |   5 | 1621.6 |
         Swamp |   4702 |   4432 |    270 |   1201 |   2242 |   4 | 1175.5 |
     Snake Pit |   4914 |   4753 |    161 |    429 |   3308 |   4 | 1228.5 |
  Orcish Mines |   3327 |   2723 |    604 |    379 |   1652 |   2 | 1663.5 |
   Elven Halls |   3871 |   3591 |    280 |    308 |   2044 |   3 | 1290.3 |
        Vaults |   3471 |   3230 |    241 |    259 |   2280 |   3 | 1157.0 |
        Depths |   5404 |   5156 |    248 |     68 |   3758 |   4 | 1351.0 |
         Abyss |   1078 |   1078 |      0 |     19 |    232 |   3 |  359.3 |
      Gauntlet |   1018 |   1018 |      0 |    466 |    293 |   1 | 1018.0 |
               +--------+--------+--------+--------+--------+-----+--------+

Top non-repeatable levels by time:
     D:8: 2749 daAuts
   Orc:2: 2280 daAuts
  Lair:3: 2106 daAuts
  Lair:2: 2071 daAuts
 Swamp:4: 1861 daAuts
 Snake:4: 1834 daAuts
Depths:1: 1642 daAuts
   Elf:3: 1626 daAuts
     D:9: 1462 daAuts
Depths:3: 1440 daAuts
     D:5: 1435 daAuts
  Lair:5: 1381 daAuts
   Elf:1: 1351 daAuts
Vaults:2: 1316 daAuts
Vaults:1: 1313 daAuts
